 Dungeon Crawl Stone Soup version 0.25-b1-46-gb8a1ec05df (webtiles) character file.

Game seed: 13524205371270943215

9988 gruber the Nimble (level 11, -8/75 HPs)
             Began as a Demonspawn Fighter on June 9, 2020.
             Was a Believer of Ru.
             Killed by divine providence
             ... invoked by an orc priest
              (14 damage)
             ... on level 11 of the Dungeon.
             The game lasted 00:15:30 (12156 turns).

gruber the Nimble (Demonspawn Fighter)             Turns: 12156, Time: 00:15:31

Health: -8/75      AC: 19    Str: 19    XL:     11   Next: 30%
Magic:  11/11      EV: 17    Int:  9    God:    Ru [**....]
Gold:   650        SH: 11    Dex: 16    Spells: 10/10 levels left

rFire    . . .     SeeInvis .   y - +3 flail (protect)
rCold    . . .     Gourm    .   c - +0 kite shield
rNeg     + . .     Faith    .   H - +2 ring mail "Kiruvose" {rPois rCorr Dex+2 Stlth+}
rPois    +         Spirit   .   (helmet restricted)
rElec    .         Reflect  .   (no cloak)
rCorr    +         Harm     .   E - +2 pair of gloves
MR       .....                  (no boots)
Stlth    ++........             I - amulet of the acrobat
HPRegen  0.22/turn              n - ring of positive energy
MPRegen  0.12/turn              F - ring of attention (curse)

@: mighty, protection aura
A: horns 1, repulsion field 1, frail 1, nightstalker 1, rot immunity
a: Renounce Religion


You were on level 11 of the Dungeon.
You worshipped Ru.
Ru was pleased with you.
You were not hungry.

You visited 2 branches of the dungeon, and saw 12 of its levels.

You collected 650 gold pieces.

Inventory:

Hand Weapons
 v - a +2 whip of flaming
 y - a +3 flail of protection (weapon)
Missiles
 h - 7 atropa-tipped darts (quivered)
 s - 35 poisoned darts
 w - 12 curare-tipped darts
Armour
 c - a +0 kite shield (worn)
 E - a +2 pair of gloves (worn)
 H - the +2 ring mail "Kiruvose" (worn) {rPois rCorr Dex+2 Stlth+}
   (You found it on level 6 of the Dungeon)

   It affects your dexterity (+2).
   It protects you from poison.
   It provides partial protection from all sources of acid and corrosion.
   It makes you more stealthy.
Jewellery
 n - a ring of positive energy (left hand)
 F - a cursed ring of attention (right hand)
 G - an uncursed ring of wizardry
 I - an amulet of the acrobat (around neck)
Wands
 g - a wand of flame (35)
 q - a wand of digging (5)
 L - a wand of paralysis (5)
 O - a wand of random effects (28)
Scrolls
 b - a scroll of fear {unknown}
 j - 2 scrolls of random uselessness {unknown}
 k - 5 scrolls of enchant armour {unknown}
 l - a scroll of summoning {unknown}
 m - 3 scrolls of enchant weapon {unknown}
 o - 3 scrolls of amnesia
 r - 3 scrolls of teleportation
 t - a scroll of remove curse {unknown}
 B - 2 scrolls of magic mapping {unknown}
 C - 3 scrolls of fog {unknown}
 M - 4 scrolls of identify
 N - a scroll of blinking {unknown}
Potions
 a - 2 potions of magic {unknown}
 e - 5 potions of brilliance
 i - 3 potions of heal wounds
 p - 2 potions of curing
 u - 3 potions of cancellation
 x - 2 potions of haste {unknown}
 z - 4 potions of mutation {unknown}
 A - 3 potions of stabbing {unknown}
 D - a potion of berserk rage {unknown}
 J - a potion of lignification {unknown}
 K - 2 potions of degeneration {unknown}
Comestibles
 f - 19 rations


   Skills:
 - Level 7.4 Fighting
 - Level 7.0 Maces & Flails
   Level 1.7 Polearms
 + Level 7.4 Armour
 + Level 8.6 Dodging
 - Level 8.1 Shields


You had 10 spell levels left.
You didn't know any spells.
Your spell library was empty.

Dungeon Overview and Level Annotations

Branches:
Dungeon (11/15)            Temple (1/1) D:5            Lair (0/6) D:10
    Orc: D:9-12

Altars:
Ashenzari
Cheibriados
Dithmenos
Elyvilon
Fedhas
Gozag
Hepliaklqana
Kikubaaqudgha
Makhleb
Nemelex Xobeh
Okawaru
Qazlal
Ru
Sif Muna
Trog
Uskayaw
Vehumet
Wu Jian
Xom
Yredelemnul
Zin
The Shining One

Annotations:
D:9 3 runed translucent doors, gruber's ghost, journeyman VSFi


Innate Abilities, Weirdness & Mutations

You have a pair of small horns on your head.
You are surrounded by a mild repulsion field. (EV +2)
You are frail. (-10% HP)
You are slightly more attuned to the shadows.
You are immune to rotting.


Message History

The orc warrior closely misses you. You block the orc warrior's attack.
The orc priest looks satisfied for a moment.
An orc priest comes into view. It is wielding a +0 dagger.
You hit the orc warrior.
The orc warrior is lightly wounded.
You block the orc warrior's attack.
The orc warrior hits you from afar with a +0 trident!
* * * LOW HITPOINT WARNING * * *
You block the orc's attack.
The orc wizard is stunned by your will and fails to attack.
Unknown command.
You sock the eight-headed hydra! You headbutt the eight-headed hydra!
The eight-headed hydra is moderately wounded.
You block the orc warrior's attack. x2; The orc hits you but does no damage.
The orc wizard casts a spell at you. The magic dart hits you!
* * * LOW HITPOINT WARNING * * *
The orc priest mumbles some strange prayers to Beogh against you.
Beogh smites you!
You die...

Y...........#
............#
............#
...o...)....#
............#
..........#
.........#
...o.o(.####
.....#.ooo@##
........ZDoo##
.........o...#
........(....#
.............#
.............#
.............#
............##
....#.<...##


You could see an eight-headed hydra, 2 orc warriors, 2 orc priests, 2 orc
wizards, an orc and a worker ant zombie.

Vanquished Creatures
  Urug (D:10)
  Sonja (D:10)
  Pikel (D:4)
  A cyclops (D:11)
  Maurice (D:9)
  Maggie (D:9)
  A troll (D:10)
  3 hippogriffs
  Grinder (D:4)
  Sigmund (D:3)
  3 hogs (D:8)
  A human (D:8)
  A wyvern (D:10)
  A yak (D:8)
  Grum (D:9)
  A steam dragon (D:8)
  A water moccasin (D:8)
  5 orc warriors
  3 sky beasts
  Purgy (D:4)
  2 ice beasts
  5 black bears
  A necrophage (D:10)
  A phantom (D:6)
  4 centaurs
  7 ogres
  4 wolves (D:9)
  4 bullfrogs
  A water moccasin zombie (D:7)
  A water moccasin skeleton (D:4)
  A scorpion (D:8)
  5 howler monkeys
  7 crimson imps
  A quasit (D:9)
  A centaur zombie (D:9)
  3 bullfrog skeletons
  4 jellies
  4 hounds
  7 orc priests
  4 orc wizards
  2 centaur skeletons (D:4)
  7 worker ants
  5 iguanas
  Ijyb (D:3)
  A hound zombie (D:8)
  A hound skeleton (D:4)
  A howler monkey zombie (D:3)
  Robin (D:3)
  8 gnolls
  10 adders
  A shadow imp (D:5)
  3 oozes
  3 adder zombies
  6 worms
  3 dart slugs
  3 leopard geckos
  29 orcs
  2 ball pythons
  7 bats
  5 giant cockroaches
  9 hobgoblins
  11 jackals
  8 kobolds
  6 quokkas
  5 frilled lizards (D:1)
  17 goblins
  A jackal skeleton (D:9)
  A jackal zombie (D:8)
  A leopard gecko skeleton (D:7)
  9 rats
264 creatures vanquished.

Vanquished Creatures (others)
  A slave (D:4)
  A bullfrog skeleton (D:4)
  An orc priest (D:4)
  A worker ant (D:4)
  2 gnolls (D:4)
  An adder skeleton (D:4)
  5 orcs
  2 jackals (D:4)
  A ball python skeleton (D:4)
15 creatures vanquished.

Grand Total: 279 creatures vanquished

Notes
Turn   | Place    | Note
-------+----------+-------------------------------------------
     0 | D:1      | gruber the Demonspawn Fighter began the quest for the Orb.
     0 | D:1      | Reached XP level 1. HP: 18/18 MP: 1/1
   369 | D:1      | Gained mutation: You are surrounded by a mild repulsion
                  | field. (EV +2) [demonic ancestry]
   369 | D:1      | Reached XP level 2. HP: 20/25 MP: 2/2
   606 | D:1      | Gained mutation: You have a pair of small horns on your
                  | head. [demonic ancestry]
   606 | D:1      | Reached XP level 3. HP: 30/30 MP: 3/3
  1278 | D:2      | Found a burning altar of Makhleb.
  1418 | D:2      | Gained mutation: You are slightly more attuned to the
                  | shadows. [demonic ancestry]
  1418 | D:2      | Reached XP level 4. HP: 38/38 MP: 4/4
  1421 | D:2      | Reached skill level 5 in Fighting
  1877 | D:2      | Found an opulent altar of Gozag.
  2145 | D:3      | Found a shimmering altar of Xom.
  2199 | D:3      | Noticed Sigmund
  2229 | D:3      | Killed Sigmund
  2229 | D:3      | Reached XP level 5. HP: 23/47 MP: 5/5
  2229 | D:3      | Reached XP level 6. HP: 26/53 MP: 6/6
  2531 | D:3      | Noticed Robin
  2546 | D:3      | Killed Robin
  2821 | D:3      | Found an ancient bone altar of Kikubaaqudgha.
  2821 | D:3      | Noticed Ijyb
  2834 | D:3      | Killed Ijyb
  3101 | D:3      | Found a hazy altar of Hepliaklqana.
  3357 | D:4      | Noticed Pikel
  3357 | D:4      | Noticed a slave
  3357 | D:4      | Noticed a slave
  3357 | D:4      | Noticed a slave
  3394 | D:4      | Killed Pikel
  3394 | D:4      | Reached XP level 7. HP: 18/60 MP: 7/7
  3830 | D:4      | Noticed Grinder
  3846 | D:4      | Killed Grinder
  3846 | D:4      | Reached skill level 5 in Maces & Flails
  3846 | D:4      | Gained mutation: You are immune to rotting. [demonic
                  | ancestry]
  3846 | D:4      | Reached XP level 8. HP: 49/67 MP: 8/8
  4009 | D:4      | Noticed Purgy
  4022 | D:4      | Killed Purgy
  4312 | D:4      | Found a glowing golden altar of the Shining One.
  4569 | D:5      | Entered Level 5 of the Dungeon
  4603 | D:5      | Found a staircase to the Ecumenical Temple.
  4650 | D:5      | Reached skill level 1 in Dodging
  4748 | Temple   | Entered the Ecumenical Temple
  4814 | Temple   | Became a worshipper of Ru the Awakened
  5060 | D:5      | Found an ornate altar of the Wu Jian Council.
  5610 | D:5      | Reached XP level 9. HP: 40/72 MP: 9/9
  5820 | D:6      | Got a dazzling ring mail
  6030 | D:6      | You fall into a shaft and drop 1 floor!
  6095 | D:7      | Reached skill level 5 in Shields
  6473 | D:6      | Paralysed by an orc wizard for 3 turns
  6524 | D:6      | Identified the +2 ring mail "Kiruvose" {rPois rCorr Dex+2
                  | Stlth+} (You found it on level 6 of the Dungeon)
  6953 | D:7      | Found a shimmering altar of Xom.
  7733 | D:8      | Got an ebony quarterstaff
  7734 | D:8      | Identified the +1 quarterstaff of Doom {speed, *Slow rPois
                  | Stlth+} (You found it on level 8 of the Dungeon)
  7845 | D:8      | Reached skill level 5 in Dodging
  8068 | D:8      | Reached XP level 10. HP: 61/79 MP: 10/10
  8942 | D:8      | Reached skill level 5 in Armour
  9158 | D:8      | Found a shadowy altar of Dithmenos.
  9682 | D:9      | Noticed Maurice
  9701 | D:9      | Killed Maurice
  9869 | D:9      | Found a runed translucent gate.
  9869 | D:9      | Found a runed translucent gate.
  9869 | D:9      | Found a runed translucent gate.
 10082 | D:9      | Noticed Maggie
 10116 | D:9      | Killed Maggie
 10463 | D:9      | Noticed Grum
 10493 | D:9      | Killed Grum
 10637 | D:9      | Noticed gruber's ghost (journeyman VSFi)
 10893 | D:9      | Noticed a spectral centaur warrior
 10912 | D:10     | Entered Level 10 of the Dungeon
 11099 | D:10     | Found a blossoming altar of Fedhas.
 11107 | D:10     | Gained mutation: You are frail. (-10% HP) [Ru sacrifice]
 11107 | D:10     | Reached * piety under Ru
 11107 | D:10     | Reached ** piety under Ru
 11320 | D:10     | Reached XP level 11. HP: 59/75 MP: 11/11
 11475 | D:10     | Noticed Urug
 11495 | D:10     | Killed Urug
 11678 | D:10     | Found a staircase to the Lair.
 11746 | D:10     | Noticed Sonja
 11763 | D:10     | Killed Sonja
 12067 | D:11     | Noticed a five-headed hydra
 12149 | D:11     | Noticed an eight-headed hydra
 12156 | D:11     | Killed from afar by an orc priest

Illustrated notes

Levels and vault maps discovered:
D:1:      evilmike_arrival_hilbert_curve, layout_basic
D:2:      minmay_chambers_of_ones, layout_basic, nicolae_overflow_crystal_walls,
          nicolae_overflow_hidden_temple
D:3:      layout_loops_ring, lemuel_round_altar, overflow_temple_1_default,
          first_ration, serial_glass, glass_columns_b, glass_columns_b,
          glass_columns_c, glass_columns_b, glass_columns_a, glass_columns_a,
          brannock_xom_greatest_gift, uniq_sigmund, uniq_ijyb, uniq_robin
D:4:      layout_loops_cross, tso_oasis_becter, portal_sewer_entry_b,
          uniq_grinder, uniq_pikel, uniq_purgy
D:5:      layout_basic, lemuel_doored_altar, minmay_temple_entry_trees
D:6:      layout_basic
D:7:      layout_gridville, old_standard_altar
D:8:      layout_cave_pods, kennysheep_mini_moat, grunt_livestock
D:9:      layout_irregular_city, gammafunk_ghost_necromancy, uniq_maurice,
          uniq_grum, uniq_maggie
D:10:     layout_loops_ring, lair_entry_dummy, fedhas_altar_3, uniq_sonja,
          uniq_urug
D:11:     layout_rooms, erik_orc_4, ebering_ghost_gozag
Temple:   zaba_magenta_temple

Skill      XL: |  1  2  3  4  5  6  7  8  9 10 11 |
---------------+----------------------------------+-----
Fighting       | 4 6 7 |  7.4
Maces & Flails | 4 5 7 |  7.0
Dodging        | 2 5 7 8 |  8.6
Shields        | 4 7 8 |  8.1
Armour         | 3 4 6 7 |  7.4
Polearms       | |  1.7

Action                   |  1- 3 |  4- 6 |  7- 9 | 10-12 || total
-------------------------+-------+-------+-------+-------++-------
Melee: Trident           |   130 |   165 |       |       ||   295
       Headbutt          |     6 |    26 |    88 |   100 ||   220
       Whip              |       |    34 |    60 |       ||    94
       Flail             |       |       |   342 |   388 ||   730
Throw: Dart              |       |       |       |    25 ||    25
Invok: Reject Sacrifices |       |       |     1 |       ||     1
       Sacrifice Health  |       |       |       |     1 ||     1
Evoke: Wand              |       |       |       |     4 ||     4
  Use: Scroll            |       |       |     7 |       ||     7
       Potion            |       |       |       |     3 ||     3
 Stab: Sleeping          |       |     1 |     6 |     4 ||    11
       Distracted        |       |       |     1 |     1 ||     2
       Invisible         |       |       |       |     1 ||     1
       Paralysed         |       |       |       |     5 ||     5
  Eat: Chunk             |     2 |     6 |    16 |    13 ||    37
Armor: Scale mail        |    47 |    54 |    10 |       ||   111
       Troll leather arm |       |       |    86 |       ||    86
       Ring mail         |       |       |    39 |   128 ||   167
Dodge: Dodged            |    37 |    68 |   229 |   295 ||   629
Block: Kite shield       |    35 |    59 |   197 |   275 ||   566
